 Dungeon Sprint DCSS version 0.21-a0-426-g98080a9 (webtiles) character file.

59 Kidiri the Ruffian (level 3, -2/36 HPs)
             Began as a Troll Transmuter on Nov 6, 2017.
             Was a Follower of Sif Muna.
             Slain by a gnoll
             ... wielding a +0 spear
              (5 damage)
             ... in the Dungeon (Sprint VII: "The Pits").
             The game lasted 00:02:10 (455 turns).

Kidiri the Ruffian (Troll Transmuter)                Turns: 455, Time: 00:02:11

Health: -2/36      AC:  5    Str: 18    XL:     3   Next: 78%
Magic:  3/5        EV: 11    Int:  9    God:    Sif Muna [*.....]
Gold:   0          SH:  0    Dex: 11    Spells: 3/6 levels left

rFire    . . .     SeeInvis .     - Unarmed
rCold    . . .     Gourm    +   (no shield)
rNeg     . . .     Faith    .   b - +0 robe
rPois    .         Spirit   .   (helmet restricted)
rElec    .         Reflect  .   (no cloak)
rCorr    .         Harm     .   (gloves unavailable)
MR       .....     NoTele   +   (boots unavailable)
Stlth    +.........             (no amulet)
HPRegen  0.52/turn              (no ring)
MPRegen  0.09/turn              (no ring)

@: lethally poisoned (-2 -> -2)
A: unfitting armour, claws 3, fast metabolism 3, gourmand, regeneration 1,
shaggy fur 1, tough skin 2
a: Divine Energy, Renounce Religion


You were in the Dungeon.
You worshipped Sif Muna.
Sif Muna was aware of your devotion.
You were completely stuffed.

You visited 1 branch

Inventory:

Missiles
 a - 12 arrows
Armour
 b - a +0 robe (worn)
Scrolls
 j - a scroll of blinking
 l - 3 scrolls of remove curse
 m - 5 scrolls of amnesia
 n - a scroll of summoning
Potions
 e - 6 potions of curing
 f - 6 potions of heal wounds
 g - a potion of haste
 h - 4 potions of magic
 i - 3 potions of berserk rage
 k - 2 potions of invisibility
Books
 c - a book of Changes

   Spells                             Type                      Level
   a - Beastly Appendage              Transmutation                1
   b - Sticks to Snakes               Transmutation                2
   c - Spider Form                    Transmutation/Poison         3
   d - Ice Form                       Ice/Transmutation            4
   e - Blade Hands                    Transmutation                5
Comestibles
 d - 9 bread rations
 o - 40 fruits
 p - 7 meat rations
 q - 3 chunks of flesh


   Skills:
 + Level 2.5 Fighting
 + Level 1.8 Armour
 * Level 3.2 Dodging
 + Level 3.8 Unarmed Combat
 * Level 2.1 Spellcasting
 * Level 3.0 Transmutations


You had 3 spell levels left.
You knew the following spells:

 Your Spells              Type           Power        Failure   Level  Hunger
a - Beastly Appendage     Tmut           #.....       10%         1    ##.....
b - Sticks to Snakes      Tmut           #.......     14%         2    ###....


Dungeon Overview and Level Annotations

Branches:
Dungeon (1/1)

Altars:
Ashenzari
Cheibriados
Dithmenos
Elyvilon
Fedhas
Gozag
Hepliaklqana
Kikubaaqudgha
Makhleb
Nemelex Xobeh
Okawaru
Qazlal
Ru
Sif Muna
Trog
Uskayaw
Vehumet
Wu Jian
Xom
Yredelemnul
Zin
The Shining One
Beogh
Jiyva
Lugonu

Annotations:
D exclusions: 6 doors and 6 more exclusions


Innate Abilities, Weirdness & Mutations

You are too large for most types of armour.
You have claws for hands.
Your metabolism is lightning-fast.
You like to eat raw meat.
Your natural rate of healing is unusually fast.
You are covered in fur. (AC +1)
You have very tough skin. (AC +2)


Message History

The gnoll hits you from afar with a spear.
The worker ant bites you.
Unknown command.
You claw the worker ant!
You kill the worker ant!
Sif Muna accepts your kill.
Your Dodging skill increases to level 3!
Your Spellcasting skill increases to level 2!
Your Transmutations skill increases to level 3!
The gnoll closely misses you.
You feel sick. The gnoll hits you with a spear. The gnoll misses you.
You see here a flail.
You closely miss the gnoll. The gnoll hits you with a spear!
* * * LOW HITPOINT WARNING * * *
The gnoll hits you from afar with a spear!
* * * LOW HITPOINT WARNING * * *
You claw the gnoll!
The gnoll is heavily wounded.
You feel sick. The gnoll hits you with a spear.
You die...

#..........)'.....
#'#####+#####.....
#.#..#..#..##.....
#.#..+..+..#####+#
#.##+####+###.....
#.#.)......##.....
#.#........##.....
#.#####+#####...<.
#@#...)))[.##.....
#g#...)))[.##.....
#g###########.....
#ze..g.e# ######
#zz.#g..# #Y..# .#
#.##. #.. #Y #..
..


You could see a deep elf mage, a sky beast, 3 wights and 2 gnolls.

Vanquished Creatures
  A worker ant (D)
  A gnoll (D)
  An adder (D)
  An adder skeleton (D)
  A leopard gecko (D)
  A bat (D)
  A goblin (D)
  2 jackals (D)
  2 ball pythons (D)
  A frilled lizard (D)
  A kobold (D)
13 creatures vanquished.

Notes
Turn   | Place    | Note
-------+----------+-------------------------------------------
     0 | D        | Kidiri the Troll Transmuter began the quest for the Orb.
     0 | D        | Reached XP level 1. HP: 18/18 MP: 1/1
    28 | D        | Reached skill level 1 in Fighting
    58 | D        | Found a bloodstained altar of Trog.
    58 | D        | Found a deep blue altar of Sif Muna.
    58 | D        | Found a viscous altar of Jiyva.
    58 | D        | Found a hazy altar of Hepliaklqana.
    58 | D        | Found an opulent altar of Gozag.
    59 | D        | Found a glowing golden altar of the Shining One.
    59 | D        | Found a glowing silver altar of Zin.
    59 | D        | Found a basalt altar of Yredelemnul.
    59 | D        | Found a shimmering altar of Xom.
    59 | D        | Found an ornate altar of the Wu Jian Council.
    59 | D        | Found a sacrificial altar of Ru.
    59 | D        | Found a stormy altar of Qazlal.
    59 | D        | Found an iron altar of Okawaru.
    59 | D        | Found a sparkling altar of Nemelex Xobeh.
    59 | D        | Found a burning altar of Makhleb.
    59 | D        | Found a blossoming altar of Fedhas.
    59 | D        | Found a white marble altar of Elyvilon.
    59 | D        | Found a shadowy altar of Dithmenos.
    59 | D        | Found a snail-covered altar of Cheibriados.
    61 | D        | Found a radiant altar of Vehumet.
    61 | D        | Found a corrupted altar of Lugonu.
    61 | D        | Found a roughly hewn altar of Beogh.
    62 | D        | Found a hide-covered altar of Uskayaw.
    62 | D        | Found an ancient bone altar of Kikubaaqudgha.
    62 | D        | Found a shattered altar of Ashenzari.
    66 | D        | Became a worshipper of Sif Muna the Loreminder
   103 | D        | Reached XP level 2. HP: 26/27 MP: 3/3
   107 | D        | Learned a level 2 spell: Sticks to Snakes
   250 | D        | Reached * piety under Sif Muna
   250 | D        | Reached skill level 1 in Armour
   439 | D        | Noticed a wight
   439 | D        | Noticed a wight
   440 | D        | Noticed a wight
   440 | D        | Noticed a deep elf mage
   440 | D        | Noticed a sky beast
   441 | D        | Noticed a gnoll sergeant
   447 | D        | Reached XP level 3. HP: 35/35 MP: 2/4
   455 | D        | Slain by a gnoll

Vault maps used:
D:        pitsprint

Skill      XL: |  1  2  3 |
---------------+----------+-----
Fighting       | 1 2 |  2.5
Dodging        | 2 3 |  3.2
Transmutations | 2 3 |  3.0
Armour         | 1 |  1.8
Spellcasting   | 2 |  2.1
Unarmed Combat | |  3.8

Action                   || total
-------------------------++-------
Melee: Unarmed           ||    34
       Kick              ||     3
       Headbutt          ||     1
 Cast: Beastly Appendage ||     3
  Eat: Chunk             ||    10
Armor: Robe              ||    14
Dodge: Dodged            ||    26

Table legend:
 A = Spawn XP
 B = Non-spawn XP
 C = Spawn XP percentage of total XP
 D = Spawn monster count
 E = Non-spawn monster count
 F = Spawn count percentage of total count
 G = Total turns spent on level
                    A         B        C        D         E        F      G
               +---------+---------+-------+---------+---------+-------+---------
         Total |       0 |      85 |   0.0 |       0 |      13 |   0.0 |   455
               +---------+---------+-------+---------+---------+-------+---------
             D |       0 |      85 |   0.0 |       0 |      13 |   0.0 |   455
               +---------+---------+-------+---------+---------+-------+---------
